 Dungeon Crawl Stone Soup version 0.31.0-12-g77e489cdc1 (webtiles) character file.

Game seed: 15490856950393061944

572715 angrytalen3 the Executioner (level 25, -5/214 HPs)
             Began as a Minotaur Gladiator on Feb 14, 2024.
             Was the Champion of Hepliaklqana.
             Slain by a green draconian monk (15 damage)
             ... led by a black draconian knight
             ... on level 3 of the Realm of Zot on Feb 16, 2024.
             The game lasted 09:40:06 (85309 turns).

angrytalen3 the Executioner (Minotaur Gladiator)   Turns: 85309, Time: 09:40:08

Health: -5/214     AC: 37    Str: 27 (30) XL:     25   Next: 69%
Magic:  22/22      EV: 21    Int: -2 (2)  God:    Hepliaklqana [******]
Gold:   3405       SH:  7    Dex: 19 (22) Spells: 24/24 levels left

rFire   + + .        U - +9 battleaxe (vamp)
rCold   . . .        (shield currently unavailable)
rNeg    + . .        d - +5 plate armour of Wasted Space {Stlth+}
rPois   .            Q - +2 hat of Generosity {Dex+3}
rElec   .            C - +2 cloak {rCorr}
rCorr   +            E - +2 pair of gloves {Stlth+}
SInv    .            O - +0 pair of boots of the Pink Corner {Harm rN+ Int-3 Stlth+}
Will    +....        Y - amulet of Ypiocao {Reflect Regen+ Dex+4 SH+5}
Stlth   +++          q - ring of the Octopus King {rF+ HP+2 AC+2 EV+2 SH+2}
HPRegen 1.35/turn    M - ring of Campufi {Fly rF+ Str+6}
MPRegen 0.18/turn

%: harm (+30% outgoing, +20% incoming), reflection
@: flying, slowed, lost intelligence, studying 2 skills, unable to read, very
slow
A: reduced essence, horns 2, retaliatory headbutt, clumsy 1, deterioration 1,
sense surroundings 1, weak 1, subdued magic 1, MP-powered wands
}: 3/15 runes: decaying, silver, gossamer
a: Renounce Religion, Recall Ancestor, Ancestor Identity, Transference, Idealise


You were on level 3 of the Realm of Zot.
You worshipped Hepliaklqana.
Hepliaklqana was exalted by your worship.
You visited 11 branches of the dungeon, and saw 51 of its levels.
You visited the Abyss 1 time.
You visited 3 bazaars.
You also visited: Bailey, Gauntlet and Ice Cave.

You collected 8157 gold pieces.
You spent 4752 gold pieces at shops.

Inventory:

Hand Weapons
 a - the +8 frozen axe "Frostbite" {freeze, freezing cloud, *Noise Fly rC+}
   (You bought it in a shop on level 1 of the Vaults)

   rC+:       It protects you from cold.
   Fly:       It grants you flight.
   *Noise:    It may make a loud noise when swung.
 b - the +7 arbalest of Hacking and Slashing {drain, rF+ rC+}
   (You found it on level 4 of the Vaults)

   rF+:       It protects you from fire.
   rC+:       It protects you from cold.
 f - the +5 hand axe "Arcanum" {flame, rElec rN+ Str+2}
   (You found it on level 12 of the Dungeon)

   Str+2:     It affects your strength (+2).
   rElec:     It insulates you from electricity.
   rN+:       It protects you from negative energy.
 i - the +5 glaive of the Guard {elec, spectral}
   (You found it on level 2 of the Vaults)
 x - a +3 sacred scourge of holy wrath
 U - a +9 vampiric battleaxe (weapon)
Missiles
 X - 3 throwing nets
Armour
 d - the +5 plate armour of Wasted Space (worn) {Stlth+}
   (You found it on level 1 of the Vaults)

   Stlth+:    It makes you more stealthy.
 s - a +5 plate armour of cold resistance
 t - the +3 plate armour "Woomarr" {MP+9 Str+3}
   (You found it in a Gauntlet)

   Str+3:     It affects your strength (+3).
   MP+9:      It affects your magic capacity (+9).
 C - a +2 cloak of preservation (worn)
 E - a +2 pair of gloves of stealth (worn)
 G - a +0 cloak of stealth
 L - +0 storm dragon scales
 O - the +0 pair of boots of the Pink Corner (worn) {Harm rN+ Int-3 Stlth+}
   (You bought it in a shop on level 2 of the Orcish Mines)

   Int-3:     It affects your intelligence (-3).
   rN+:       It protects you from negative energy.
   Harm:      It increases damage dealt and taken.
   Stlth+:    It makes you more stealthy.
 Q - the +2 hat of Generosity (worn) {Dex+3}
   (You found it on level 4 of the Spider Nest)

   Dex+3:     It affects your dexterity (+3).
Jewellery
 j - an amulet of the acrobat
 q - a ring of the Octopus King (left hand) {rF+ HP+2 AC+2 EV+2 SH+2}
   (You bought it in a shop in a bazaar)

   [ring of protection from fire]

   AC+2:      It affects your AC (+2).
   EV+2:      It affects your evasion (+2).
   rF+:       It protects you from fire.
   HP+2:      It affects your health (+2).
   SH+2:      It affects your SH (+2).
 z - the ring of Entrepreneurial Spirit {rC+ SInv}
   (You found it on level 4 of the Vaults)

   [ring of see invisible]

   rC+:       It protects you from cold.
   SInv:      It lets you see invisible.
 A - the ring "Nuej" {rPois rN+ Will- EV+5 Int+5}
   (You found it on level 4 of the Dungeon)

   [ring of evasion]

   EV+5:      It affects your evasion (+5).
   Int+5:     It affects your intelligence (+5).
   rPois:     It protects you from poison rN+: It protects you from negative
   energy.
   Will-:     It decreases your willpower.
 M - the ring of Campufi (right hand) {Fly rF+ Str+6}
   (You bought it in a shop in a bazaar)

   [ring of strength]

   Str+6:     It affects your strength (+6).
   rF+:       It protects you from fire.
   Fly:       It grants you flight.
 N - a +5 ring of evasion
 Y - the amulet of Ypiocao (around neck) {Reflect Regen+ Dex+4 SH+5}
   (You acquired it on level 1 of the Spider Nest)

   [amulet of reflection]

   Reflect:   It reflects blocked missile attacks.
   Dex+4:     It affects your dexterity (+4).
   Regen+:    It increases your rate of health regeneration.
   SH+5:      It affects your SH (+5).
 Z - a ring of flight
Wands
 p - a wand of flame (119)
 u - a wand of acid (22)
 y - a wand of digging (39)
 D - a wand of roots (32)
 J - a wand of mindburst (55)
 P - a wand of paralysis (30)
 V - a wand of polymorph (33)
Scrolls
 h - 7 scrolls of poison
 m - 9 scrolls of fear
 o - 14 scrolls of teleportation
 r - 3 scrolls of silence
 w - 5 scrolls of blinking
 I - 2 scrolls of revelation
 K - 7 scrolls of fog
 T - 4 scrolls of immolation
Potions
 g - 7 potions of might
 l - 20 potions of curing
 n - 5 potions of lignification
 v - 9 potions of ambrosia
 B - 7 potions of berserk rage
 F - 4 potions of cancellation
 H - 6 potions of resistance
 R - 8 potions of haste
 S - 4 potions of invisibility
 W - 3 potions of heal wounds
Miscellaneous
 c - a sack of spiders (inert)
 e - a phial of floods
 k - a tin of tremorstones (1/2) (quivered)


   Skills:
 - Level 21.5 Fighting
 - Level 23.0(23.1) Axes
 - Level 1.0(15.2) Maces & Flails
 - Level 4.0(15.7) Polearms
 + Level 0.6(2.7) Staves
 - Level 21.0 Ranged Weapons
 - Level 2.0 Throwing
 - Level 20.0 Armour
 - Level 19.0 Dodging
 - Level 8.2 Stealth
 - Level 4.4 Shields
 + Level 0.2 Hexes
 + Level 0.1 Translocations
 * Level 22.2 Evocations


You had 24 spell levels left.
You didn't know any spells.
Your spell library contained the following spells:

 Spells                   Type           Power      Damage    Failure   Level
 Slow                     Hex            0%         N/A       96%         1
 Apportation              Tloc           0%         N/A       97%         1
 Foxfire                  Conj/Fire      0%         2x1d4     97%         1
 Freeze                   Ice            0%         1d3       97%         1
 Kiss of Death            Conj/Necr      0%         2d5       97%         1
 Magic Dart               Conj           0%         1d3       97%         1
 Necrotise                Necr           0%         1d4       97%         1
 Shock                    Conj/Air       0%         1d3       97%         1
 Sting                    Conj/Alch      0%         1d3       97%         1
 Summon Small Mammal      Summ           0%         N/A       97%         1
 Blink                    Tloc           0%         N/A       99%         2
 Call Imp                 Summ           0%         N/A       99%         2
 Cigotuvi's Dreadful Rot  Necr/Alch/Air  0%         N/A       99%         2
 Jinxbite                 Hex            0%         N/A       99%         2
 Lesser Beckoning         Tloc           0%         N/A       99%         2
 Mercury Vapours          Alch/Air       0%         N/A       99%         2
 Momentum Strike          Conj/Tloc      0%         3d8       99%         2
 Scorch                   Fire           0%         2d5       99%         2
 Searing Ray              Conj           0%         2d4       99%         2
 Static Discharge         Conj/Air       0%         3-3/arc   99%         2
 Sublimation of Blood     Necr           0%         N/A       99%         2
 Call Canine Familiar     Summ           0%         N/A       100%        3
 Confusing Touch          Hex            0%         N/A       100%        3
 Dazzling Flash           Conj/Hex       0%         N/A       100%        3
 Frozen Ramparts          Ice            0%         1d1       100%        3
 Gell's Gravitas          Tloc           0%         N/A       100%        3
 Hailstorm                Conj/Ice       0%         3d5       100%        3
 Inner Flame              Hex/Fire       0%         N/A       100%        3
 Mephitic Cloud           Conj/Alch/Air  0%         N/A       100%        3
 Ozocubu's Armour         Ice            0%         N/A       100%        3
 Passwall                 Erth           0%         N/A       100%        3
 Sigil of Binding         Hex            0%         N/A       100%        3
 Stone Arrow              Conj/Erth      0%         3d7       100%        3
 Summon Ice Beast         Ice/Summ       0%         N/A       100%        3
 Swiftness                Air            0%         N/A       100%        3
 Teleport Other           Tloc           0%         N/A       100%        3
 Tukima's Dance           Hex            0%         N/A       100%        3
 Vampiric Draining        Necr           0%         2d6       100%        3
 Volatile Blastmotes      Fire/Tloc      0%         2d10      100%        3
 Airstrike                Air            0%         2d(0-16)  100%        4
 Animate Armour           Summ/Erth      0%         N/A       100%        4
 Animate Dead             Necr           0%         N/A       100%        4
 Dimensional Bullseye     Hex/Tloc       0%         N/A       100%        4
 Dispel Undead            Necr           0%         3d6       100%        4
 Flame Wave               Conj/Fire      0%         2d4       100%        4
 Fulminant Prism          Conj/Alch      0%         3d5       100%        4
 Ignite Poison            Fire/Alch      0%         N/A       100%        4
 Iskenderun's Mystic Bla  Conj/Tloc      0%         2d3       100%        4
 Leda's Liquefaction      Alch/Erth      0%         N/A       100%        4
 Manifold Assault         Tloc           0%         N/A       100%        4
 Martyr's Knell           Necr/Summ      0%         N/A       100%        4
 Passage of Golubria      Tloc           0%         N/A       100%        4
 Sticky Flame             Fire/Alch      0%         2d4       100%        4
 Summon Blazeheart Golem  Fire/Summ      0%         N/A       100%        4
 Summon Lightning Spire   Summ/Air       0%         N/A       100%        4
 Vhi's Electric Charge    Tloc/Air       0%         N/A       100%        4
 Alistair's Intoxication  Alch           0%         N/A       100%        5
 Arcjolt                  Conj/Air       0%         1d10      100%        5
 Curse of Agony           Necr           0%         N/A       100%        5
 Freezing Cloud           Conj/Ice/Air   0%         6-21      100%        5
 Irradiate                Conj/Alch      0%         3d11      100%        5
 Lee's Rapid Deconstruct  Erth           0%         3d4*      100%        5
 Metabolic Englaciation   Hex/Ice        0%         N/A       100%        5
 Silence                  Hex/Air        0%         N/A       100%        5
 Yara's Violent Unravell  Hex/Alch       0%         3d3       100%        5
 Death Channel            Necr           0%         N/A       100%        6
 Dispersal                Tloc           0%         N/A       100%        6
 Eringya's Noxious Bog    Alch           0%         4d6       100%        6
 Plasma Beam              Fire/Air       0%         2x1d10    100%        6
 Sculpt Simulacrum        Ice/Alch       0%         N/A       100%        6
 Summon Cactus Giant      Summ           0%         N/A       100%        6
 Enfeeble                 Hex            0%         N/A       100%        7
 Haunt                    Necr/Summ      0%         N/A       100%        7
 Malign Gateway           Summ/Tloc      0%         N/A       100%        7
 Monstrous Menagerie      Summ           0%         N/A       100%        7
 Spellforged Servitor     Conj/Summ      0%         N/A       100%        7
 Summon Hydra             Summ           0%         N/A       100%        7
 Disjunction              Tloc           0%         N/A       100%        8
 Ignition                 Fire           0%         3d3       100%        8
 Lehudib's Crystal Spear  Conj/Erth      0%         10d2      100%        8
 Maxwell's Capacitive Co  Air            0%         ∞         100%        8
 Summon Horrible Things   Summ           0%         N/A       100%        8
 Death's Door             Necr           0%         N/A       100%        9
 Dragon's Call            Summ           0%         N/A       100%        9


Dungeon Overview and Level Annotations

Branches:
Dungeon (15/15)            Temple (1/1) D:5            Lair (5/5) D:10
  Swamp (4/4) Lair:2       Spider (4/4) Lair:2        Slime (4/5) Lair:4
    Orc (2/2) D:10            Elf (3/3) Orc:2        Vaults (5/5) D:13
  Crypt (0/3) Vaults:2     Depths (4/4) D:15            Zot (4/5) Depths:4
 Bailey (visited)           IceCv (visited)         Gauntlet (visited)

Altars:
Ashenzari
Cheibriados
Dithmenos
Elyvilon
Fedhas
Gozag
Hepliaklqana
Kikubaaqudgha
Makhleb
Nemelex Xobeh
Okawaru
Qazlal
Ru
Sif Muna
Trog
Uskayaw
Vehumet
Wu Jian
Xom
Yredelemnul
Zin
The Shining One
Jiyva

Shops:
D:5 *   D:8 *   D:12 (*   D:14 [   Orc:2 *[[*   Elf:3 ?[(:   Vaults:1 *!
Vaults:4 =!   Vaults:5 *

Portals:
Hell: Depths:1 Depths:2 Depths:3 Depths:4
Abyss: Depths:1 Depths:3
Pandemonium: Depths:2
Ziggurat: Depths:4

Annotations:
D:12 Equipment dump near shop


Innate Abilities, Weirdness & Mutations

Your life essence is reduced to manifest your ancestor. (-10% HP)
You have a pair of horns on your head.
You reflexively headbutt those who attack you in melee.
You are clumsy. (Dex -2)
Your body sometimes deteriorates upon taking damage.
You passively map a small area around you.
You are weak. (Str -2)
Your spells are a little easier to cast, but a little less powerful.
You expend magic power (3 MP) to strengthen your wands.


Message History

The yellow draconian barely misses you. You furiously retaliate!
You headbutt the yellow draconian! The golden dragon breathes fire at you.
The bolt of fire hits you. You resist.
* * * LOW HITPOINT WARNING * * *
The green draconian monk completely misses you.
The green draconian monk kicks you but does no damage.
The green draconian monk barely misses you.
The green draconian monk closely misses you.
The yellow draconian hits you but does no damage.
You hit the golden dragon but do no damage.
You slash the green draconian monk! You slash the yellow draconian!
The golden dragon bites you.
* * * LOW HITPOINT WARNING * * *
The golden dragon claws you but does no damage.
You block the golden dragon's attack. The green draconian monk misses you.
The green draconian monk kicks you but does no damage.
The green draconian monk tail-slaps you but does no damage.
The green draconian monk closely misses you.
The yellow draconian misses you. You furiously retaliate!
You headbutt the yellow draconian!
You kill the yellow draconian!
You hit the golden dragon but do no damage.
You headbutt the golden dragon.
The golden dragon is lightly wounded.
You barely miss the green draconian monk.
The golden dragon bites you but does no damage.
You block the golden dragon's attack.
The golden dragon tramples you but does no damage.
The green draconian monk misses you.
The green draconian monk kicks you but does no damage.
The green draconian monk tail-slaps you but does no damage. x2
You slice the golden dragon!! You headbutt the golden dragon!
The golden dragon is moderately wounded.
You barely miss the green draconian monk.
The golden dragon bites you but does no damage.
The golden dragon barely misses you. The golden dragon tramples you!
* * * LOW HITPOINT WARNING * * *
You hold your ground!
The green draconian monk hits you!
You die...

##.#### #.#....#......#.#
##....### #.#....#......#.#
#####...####.#....#......#.#
.............#....#......#.#
#######....###.#######.....#
..#..#.........# #..####
#.#..#.#####.#.### ###..#
#.#..#.#.#.#.#.)q###...##
#....#.#.#.#.#.#@D.....#
..#..........#.#########
#.####.#######.#
#.####.........#
#.........###### #########.#
#<# #......#.# #.#
#.##.....# #.#
#.##.#.#####.#


You could see a green draconian monk and a golden dragon.

Vanquished Creatures
  3 orbs of fire
  Mennas (Depths:3)
  A Killer Klown (Zot:3)
  8 golden dragons
  Jory (Vaults:4)
  A Brimstone Fiend (Depths:3)
  An electric golem (Zot:2)
  8 tentacled monstrosities
  Rupert (Lair:4)
  A lich (Depths:3)
  2 quicksilver dragons
  A walking divine tome (Depths:4)
  7 acid blobs
  2 deep elf master archers
  2 sphinxes
  Gastronok (D:8)
  3 deep elf blademasters
  3 titans
  An Executioner (Depths:3)
  An ancient champion (Vaults:2)
  A death cob (Zot:1)
  A thorn hunter (Swamp:4)
  8 shadow dragons
  5 storm dragons
  Donald (Orc:2)
  12 tengu reavers
  Roxanne (Elf:3)
  2 azure jellies
  6 draconian monks
  5 rockslimes
  10 draconian knights
  A protean progenitor (Zot:3)
  10 fire giants
  3 ghost moths
  An iron dragon (Vaults:5)
  4 deep elf elementalists (Elf:3)
  6 deep elf sorcerers
  3 draconian scorchers
  A juggernaut zombie (Depths:3)
  18 vault wardens
  6 draconian shifters
  8 frost giants
  6 emperor scorpions
  Louise (Elf:1)
  4 quicksilver oozes
  A balrug (Depths:3)
  8 draconian annihilators
  22 stone giants
  13 ironbound preservers
  A cacodemon (Depths:3)
  2 draconian stormcallers
  A broodmother (Spider:1)
  4 formless jellyfish
  2 spriggan defenders
  A caustic shrike skeleton (Depths:3)
  11 ironbound thunderhulks
  31 very ugly things
  3 vampire knights
  7 deep elf death magi
  4 eleionomae
  4 black draconians
  9 deep elf demonologists
  3 green draconians
  A minotaur (Gauntlet)
  11 purple draconians
  6 red draconians
  5 war gargoyles
  2 dire elephants (Vaults:2)
  8 deep elf annihilators
  8 bunyips
  A spark wasp (Depths:2)
  9 white draconians
  15 yellow draconians
  A crystal guardian (Vaults:3)
  A green death (Depths:3)
  A blizzard demon (Depths:3)
  14 ettins
  Josephine (D:15)
  10 fire dragons
  A quicksilver dragon zombie (Depths:3)
  Fannar (D:10)
  4 deep elf high priests
  6 entropy weavers
  9 great orbs of eyes
  13 hydras
  3 rakshasas
  A spriggan zombie (Depths:3)
  11 yaktaur captains
  Harold (D:10)
  3 ghost crabs
  38 vault guards
  4 ice dragons
  4 spriggan air magi
  5 alligators
  An ogre mage (Vaults:5)
  9 ironbound frosthearts
  6 boulder beetles
  2 peacekeepers
  2 catoblepae
  2 radroaches
  Erica (D:10)
  5 centaur warriors
  8 two-headed ogres
  21 dancing weapons
  4 tengu warriors
  6 deep troll earth magi
  A sphinx skeleton (Depths:3)
  A titan zombie (Depths:3)
  5 deep troll shamans
  5 demonic crawlers
  8 death yaks
  2 vampire magi
  7 spriggan berserkers
  A shock serpent (shapeshifter) (Vaults:2)
  2 hell hogs (Lair:5)
  6 orc high priests
  2 sun demons (Abyss:3)
  Urug (Lair:4)
  19 hell knights
  5 deep elf knights
  The ghost of popoopuu the Basher, a novice MiBe of Trog (D:7)
  6 iron trolls
  A skyshark (shapeshifter) (Vaults:4)
  A fire crab (Lair:5)
  2 pharaoh ants (Spider:4)
  2 spark wasp zombies (Depths:3)
  Lodul (D:14)
  A sixfirhy (Depths:2)
  4 goliath frogs
  2 golden dragon zombies (Depths:3)
  12 large abominations
  4 spriggan druids
  A skeletal warrior (Vaults:2)
  30 deep trolls
  10 swamp dragons (Swamp:4)
  2 flayed ghosts
  3 deep elf archers
  8 orb spiders
  15 ironbound convokers
  6 arcanists
  4 lindwurms (Vaults:1)
  4 glowing orange brains
  2 sun moths (Spider:2)
  10 phantasmal warriors
  14 orc knights
  7 necromancers
  21 deep elf zephyrmancers
  2 steelbarb worms
  5 bog bodies
  4 oklob plants
  16 deep elf pyromancers
  6 shining eyes
  15 wolf spiders
  9 harpies (Vaults:4)
  An orc sorcerer (Vaults:5)
  7 cyclopes
  36 ugly things
  13 moths of wrath
  2 manticores
  5 salamanders (Depths:3)
  3 meliai (D:15)
  6 black mambas
  An iron dragon skeleton (Depths:3)
  3 will-o-the-wisps
  A worldbinder (Abyss:3)
  A salamander (shapeshifter) (Vaults:5)
  17 elephants
  A meliai (shapeshifter) (D:15)
  An ice statue (IceCv)
  A water nymph (shapeshifter) (Elf:3)
  2 torpor snails
  13 vault sentinels
  Joseph (D:8)
  An eye of devastation (Slime:4)
  3 gargoyles
  3 molten gargoyles (Lair:5)
  3 smoke demons (Abyss:3)
  A hellion (Depths:2)
  14 cane toads
  2 kobold demonologists
  37 yaktaurs
  Jeremiah (D:6)
  Maggie (D:10)
  11 ice devils
  14 komodo dragons
  A rime drake (Lair:2)
  2 efreet
  4 tengu conjurers
  5 freezing wraiths (IceCv)
  2 anaconda simulacra (IceCv)
  6 trolls
  A bloated husk (Swamp:2)
  14 hornets
  3 hellwings (Abyss:3)
  4 polar bears
  A queen bee (shapeshifter) (Vaults:4)
  12 tyrant leeches
  2 glass eyes
  28 blink frogs
  A raiju (Abyss:3)
  35 tarantellas
  A frost giant simulacrum (Depths:3)
  Sigmund (D:6)
  4 dream sheep (Lair:3)
  34 jumping spiders
  88 slime creatures
  14 spriggans
  14 culicivoras
  7 wraiths
  Eustachio (D:6)
  2 air elementals
  3 dire elephant simulacra (IceCv)
  A ynoxinul (Abyss:3)
  9 shadows
  39 yaks
  A vampire (D:11)
  4 wyverns
  8 basilisks
  A fire bat (D:14)
  5 water elementals
  2 golden eyes
  A basilisk (shapeshifter) (Vaults:5)
  3 humans (Depths:3)
  A neqoxec (Abyss:3)
  3 death yak simulacra (IceCv)
  Grum (D:9)
  23 vampire mosquitoes
  5 fire elementals
  4 wargs
  4 steam dragons
  47 redbacks
  A chaos spawn (Abyss:3)
  2 harpy simulacra (IceCv)
  18 swamp worms
  Edmund (D:4)
  2 acid dragons
  12 water moccasins
  A glowing shapeshifter skeleton (Depths:3)
  3 black bears
  3 hell hounds (Lair:5)
  6 hexers
  6 swamp drakes (Swamp:4)
  4 ice beasts
  38 orc warriors
  4 laughing skulls
  15 centaurs
  13 ogres
  21 wolves
  4 boggarts (D:15)
  A weeping skull (Abyss:3)
  A brain worm (Abyss:3)
  7 elf zombies (Elf:1)
  2 kobold brigands
  Blork the orc (D:6)
  9 small abominations
  10 bullfrogs
  4 cane toad simulacra (IceCv)
  3 gnoll sergeants (D:8)
  3 scorpions
  3 earth elementals
  2 wights (D:9)
  A hornet simulacrum (D:15)
  15 killer bees
  5 elephant simulacra (IceCv)
  4 howler monkeys
  3 electric eels
  2 bombardier beetles
  A quasit (Abyss:3)
  7 lava snakes
  40 orc priests
  3 hounds (D:8)
  15 jellies
  4 gnoll boudas
  5 starcursed masses (Abyss:3)
  Jessica (D:3)
  3 iguanas
  14 orc wizards
  2 troll simulacra (IceCv)
  3 polar bear simulacra (IceCv)
  A spriggan simulacrum (IceCv)
  3 wolf simulacra (IceCv)
  24 gnolls
  9 adders
  4 shadow imps
  4 white imps
  A ribbon worm (D:2)
  79 orcs
  2 ball pythons (D:3)
  7 endoplasms
  3 giant cockroaches
  13 goblins
  4 hobgoblins
  5 jackals (D:8)
  12 kobolds
  6 quokkas
  6 bats
  A frilled lizard (D:1)
  4 rats
  An aspiring flesh (Zot:3)
  2 butterflies
2038 creatures vanquished.

Vanquished Creatures (collateral kills)
  the Lernaean hydra (Swamp:4)
  2 golden dragons (Zot:1)
  2 tentacled monstrosities (Zot:1)
  2 acid blobs
  A quicksilver dragon (Zot:1)
  A sphinx (Vaults:3)
  A shadow dragon (Zot:1)
  4 storm dragons
  A rockslime (Slime:1)
  2 protean progenitors (Zot:3)
  A deep elf sorcerer (Elf:3)
  A frost giant (Vaults:5)
  A draconian shifter (Zot:3)
  2 vault wardens
  2 ghost moths
  An emperor scorpion (Spider:4)
  2 deep elf elementalists (Elf:3)
  A spriggan defender (Depths:4)
  A formless jellyfish (Slime:2)
  2 very ugly things
  3 stone giants
  A deep elf death mage (Elf:3)
  2 deep elf demonologists (Depths:3)
  3 dire elephants
  2 deep elf annihilators (Elf:3)
  A red draconian (Zot:2)
  A purple draconian (Zot:2)
  6 green draconians
  4 white draconians
  2 yellow draconians
  2 bunyips (Swamp:1)
  3 ettins
  A merfolk javelineer (Depths:4)
  5 great orbs of eyes
  2 rakshasas (Depths:2)
  3 yaktaur captains
  2 ice dragons
  A salamander tyrant (Depths:3)
  4 hydras
  An ogre mage (Vaults:5)
  A catoblepas (Lair:1)
  2 alligators
  A tengu warrior (Depths:1)
  A boulder beetle (D:14)
  A centaur warrior (D:14)
  3 dancing weapons
  An ironbound frostheart (Vaults:2)
  A two-headed ogre (D:13)
  A death yak (Lair:4)
  A spriggan berserker (Depths:3)
  A vampire mage (Depths:3)
  A deep troll earth mage (D:15)
  5 deep elf knights
  2 deep trolls
  A pharaoh ant (Spider:1)
  A hell knight (Depths:3)
  A bog body (Swamp:2)
  A deep elf archer (Depths:1)
  2 swamp dragons
  An arcanist (D:9)
  A steelbarb worm (Spider:4)
  7 deep elf pyromancers (Elf:1)
  4 deep elf zephyrmancers
  A shining eye (Slime:3)
  2 orc knights
  2 ugly things
  2 wolf spiders (Spider:2)
  4 moths of wrath
  A will-o-the-wisp (Swamp:2)
  A manticore (D:7)
  Maurice (Orc:1)
  A kobold blastminer (Orc:1)
  2 torpor snails
  7 elephants
  2 vault sentinels (Vaults:5)
  A smoke demon (Abyss:3)
  A gargoyle (D:10)
  A black mamba (Lair:1)
  3 cane toads
  A komodo dragon (Lair:1)
  3 yaktaurs
  7 tarantellas
  A troll (Orc:2)
  5 tyrant leeches
  2 hornets
  3 polar bears
  6 blink frogs
  A dream sheep (Lair:3)
  An air elemental (Elf:3)
  14 slime creatures
  5 culicivoras
  A ynoxinul (Depths:2)
  6 jumping spiders
  A wraith (D:15)
  9 yaks
  A water elemental (Elf:1)
  A wyvern (Lair:5)
  2 starcursed masses (Abyss:3)
  3 fire bats (D:14)
  A warg (D:15)
  15 redbacks
  4 golden eyes
  A basilisk (D:12)
  3 vampire mosquitoes
  2 swamp worms (Swamp:2)
  An acid dragon (D:12)
  2 water moccasins
  2 hell hounds
  A hydra simulacrum (IceCv)
  A hexer (Swamp:1)
  7 orc warriors
  5 wolves
  2 ogres
  2 centaurs (D:12)
  An elf zombie (Elf:1)
  2 bullfrogs
  A cane toad simulacrum (IceCv)
  A wight (D:9)
  A hornet simulacrum (D:14)
  An elephant simulacrum (IceCv)
  3 killer bees
  2 hounds (D:8)
  7 jellies (Zot:1)
  5 orc priests
  3 orc wizards
  3 gnolls (D:8)
  A naga simulacrum (IceCv)
  11 orcs
  A butterfly (Lair:2)
318 creatures vanquished.

Vanquished Creatures (others)
  An occultist (Depths:1)
  4 bloated husks
  A tyrant leech (Spider:2)
  A wyvern (Lair:5)
  A warg (Vaults:5)
  An orc wizard (Vaults:5)
  5 ancestors
  47 hexers
  2 foxfires (Swamp:2)
63 creatures vanquished.

Grand Total: 2419 creatures vanquished

Notes
Turn   | Place    | Note
-------+----------+-------------------------------------------
     0 | D:1      | angrytalen3 the Minotaur Gladiator began the quest for the
                  | Orb.
     0 | D:1      | Reached XP level 1. HP: 18/18 MP: 0/0
    68 | D:1      | Reached skill level 4 in Axes
    75 | D:1      | Reached XP level 2. HP: 25/25 MP: 1/1
   407 | D:1      | Reached skill level 5 in Axes
   733 | D:2      | Found a bloodstained altar of Trog.
   740 | D:2      | Reached XP level 3. HP: 30/30 MP: 2/2
  1265 | D:2      | Reached skill level 6 in Axes
  1265 | D:2      | Reached XP level 4. HP: 37/37 MP: 3/3
  1725 | D:3      | Got Gukekecoy's Precepts of Toxicants and Scree
  1730 | D:3      | Noticed Jessica
  1741 | D:3      | Killed Jessica
  1919 | D:3      | Reached skill level 7 in Axes
  1919 | D:3      | Reached XP level 5. HP: 42/42 MP: 4/4
  2246 | D:3      | Found a transporter.
  2267 | D:3      | Found a transporter.
  2730 | D:3      | Reached skill level 8 in Axes
  2902 | D:3      | Reached XP level 6. HP: 34/50 MP: 5/5
  3322 | D:4      | Noticed Edmund
  3336 | D:4      | Killed Edmund
  3337 | D:4      | Reached skill level 9 in Axes
  3615 | D:4      | Identified the ring "Nuej" {rPois rN+ Will- EV+5 Int+5}
  4072 | D:5      | Entered Level 5 of the Dungeon
  4208 | D:5      | Reached XP level 7. HP: 56/56 MP: 6/6
  4241 | D:5      | Found Vierph's Assorted Antiques.
  4260 | D:5      | Reached skill level 10 in Axes
  4325 | D:5      | Found a staircase to the Ecumenical Temple.
  4347 | Temple   | Entered the Ecumenical Temple
  4358 | D:5      | Bought a shiny chain mail for 180 gold pieces
  4422 | D:5      | Reached skill level 11 in Axes
  4718 | D:6      | Reached skill level 1 in Armour
  4731 | D:6      | Noticed Jeremiah
  4744 | D:6      | Killed Jeremiah
  4745 | D:6      | Reached XP level 8. HP: 63/67 MP: 7/7
  4766 | D:6      | Noticed Eustachio
  4787 | D:6      | Killed Eustachio
  4788 | D:6      | Reached skill level 5 in Fighting
  4845 | D:6      | Found a broken altar of Ashenzari.
  4927 | D:6      | Found a bloodstained altar of Trog.
  5055 | D:6      | Noticed Sigmund
  5071 | D:6      | Killed Sigmund
  5072 | D:6      | Reached skill level 5 in Armour
  5438 | D:6      | Reached skill level 12 in Axes
  5471 | D:6      | Reached XP level 9. HP: 74/74 MP: 8/8
  5567 | D:6      | Noticed Blork the orc
  5573 | D:6      | Killed Blork the orc
  5904 | D:7      | Found a flagged portal.
  5923 | Bailey   | Entered a bailey
  6216 | Bailey   | Noticed an orc knight
  6408 | Bailey   | Reached skill level 13 in Axes
  6598 | Bailey   | Killed an orc knight
  6625 | Bailey   | Reached skill level 14 in Axes
  6851 | Bailey   | Identified the +3 kite shield of Nihilism {Dex+4}
  7165 | D:7      | Found a hazy altar of Hepliaklqana.
  7170 | D:7      | Became a worshipper of Hepliaklqana the Forgotten
  7330 | D:7      | Identified the +4 chain mail "Kossebb" {rElec Str+3}
  7351 | D:7      | Reached skill level 1 in Shields
  7357 | D:7      | Found a sparkling altar of Nemelex Xobeh.
  7491 | D:7      | Found a runed translucent gate.
  7492 | D:7      | Found a runed translucent gate.
  7492 | D:7      | Found a runed translucent gate.
  7493 | D:7      | Found an opulent altar of Gozag.
  7493 | D:7      | Noticed a manticore
  7495 | D:7      | Noticed popoopuu's ghost (novice MiBe)
  7606 | D:8      | Reached skill level 15 in Axes
  7606 | D:8      | Reached XP level 10. HP: 74/81 MP: 9/9
  8216 | D:8      | Found an opulent altar of Gozag.
  8304 | D:8      | Got the Atlas of Frostbite
  8334 | D:8      | Reached * piety under Hepliaklqana
  8376 | D:8      | Noticed Joseph
  8518 | D:8      | Paralysed by Joseph for 4 turns
  8590 | D:8      | Killed Joseph
  8591 | D:8      | Reached skill level 16 in Axes
  8674 | D:8      | Found Jememoh's Fire Supplies.
  8829 | D:8      | Found a shimmering blue altar of Sif Muna.
  9147 | D:8      | Reached skill level 1 in Polearms
  9289 | D:8      | Noticed Gastronok
  9308 | D:8      | Killed Gastronok
  9309 | D:8      | Reached skill level 17 in Axes
  9422 | D:9      | Reached XP level 11. HP: 56/79 MP: 10/10
  9699 | D:9      | Reached skill level 18 in Axes
  9951 | D:9      | Noticed a two-headed ogre
  9961 | D:9      | Killed a two-headed ogre
 10137 | D:9      | Noticed Grum
 10161 | D:9      | Killed Grum
 10162 | D:9      | Reached skill level 19 in Axes
 10289 | D:9      | Reached ** piety under Hepliaklqana
 10290 | D:9      | Remembered your ancestor Amurritum as a hexer
 10313 | D:9      | Noticed an arcanist
 10319 | D:9      | Killed an arcanist
 10342 | D:9      | Noticed a large abomination
 10342 | D:9      | Noticed a large abomination
 10342 | D:9      | Noticed a large abomination
 10344 | D:9      | Noticed a large abomination
 10348 | D:9      | Killed a large abomination
 10348 | D:9      | Killed a large abomination
 10349 | D:9      | Reached skill level 1 in Ranged Weapons
 10349 | D:9      | Killed a large abomination
 10349 | D:9      | Killed a large abomination
 10350 | D:9      | Reached skill level 20 in Axes
 10515 | D:9      | Identified the +4 scimitar "Mytiuv" {venom, *Slow Int+3
                  | Dex+3}
 10643 | D:9      | Reached XP level 12. HP: 75/84 MP: 11/11
 10946 | D:10     | Entered Level 10 of the Dungeon
 10968 | D:10     | Noticed Fannar
 10987 | D:10     | Killed Fannar
 11023 | D:10     | Found a white marble altar of Elyvilon.
 11141 | D:10     | Noticed Maggie
 11149 | D:10     | Killed Maggie
 11332 | D:10     | Reached skill level 21 in Axes
 11408 | D:10     | Found a staircase to the Lair.
 11413 | D:10     | Noticed Harold
 11429 | D:10     | Killed Harold
 11475 | D:10     | Noticed Erica
 11481 | D:10     | Killed Erica
 11485 | D:10     | Noticed a two-headed ogre
 11491 | D:10     | Killed a two-headed ogre
 11732 | D:10     | Found a basalt altar of Yredelemnul.
 11996 | D:10     | Found a staircase to the Orcish Mines.
 12034 | D:10     | Reached skill level 22 in Axes
 12321 | D:10     | Found a shimmering altar of Xom.
 12321 | D:10     | Found a sacrificial altar of Ru.
 12386 | D:11     | Noticed a catoblepas
 12408 | D:11     | Killed a catoblepas
 13191 | D:7      | Killed popoopuu's ghost
 13595 | D:8      | Gained mutation: You are clumsy. (Dex -2) [potion of
                  | mutation]
 13595 | D:8      | Gained mutation: You are robust. (+10% HP) [potion of
                  | mutation]
 13595 | D:8      | Gained mutation: You expend magic power (3 MP) to
                  | strengthen your wands. [potion of mutation]
 13595 | D:8      | Gained mutation: You passively map a small area around you.
                  | [potion of mutation]
 13797 | D:11     | Reached *** piety under Hepliaklqana
 14154 | D:11     | Reached skill level 23 in Axes
 14181 | D:12     | Noticed a boulder beetle
 14209 | D:12     | Found Miampiaw's Antique Weapon Boutique.
 14479 | D:11     | Killed a boulder beetle
 14480 | D:11     | Reached XP level 13. HP: 91/102 MP: 12/12
 15280 | D:12     | Found Lyisus's Assorted Antiques.
 15288 | D:12     | Reached XP level 14. HP: 113/113 MP: 13/13
 16340 | D:13     | Got the Discursus on Leaden Command
 16453 | D:12     | Identified the +5 hand axe "Arcanum" {flame, rElec rN+
                  | Str+2}
 16659 | Lair:1   | Entered Level 1 of the Lair of Beasts
 16960 | Lair:1   | Reached **** piety under Hepliaklqana
 17380 | Lair:1   | Reached skill level 10 in Armour
 17788 | Lair:2   | Found a staircase to the Swamp.
 17806 | Lair:2   | Found a hole to the Spider Nest.
 17901 | Lair:2   | Reached skill level 10 in Fighting
 18103 | Lair:2   | Reached skill level 5 in Dodging
 18745 | Lair:3   | Reached ***** piety under Hepliaklqana
 19341 | Lair:3   | Reached XP level 15. HP: 134/134 MP: 14/14
 19727 | Lair:4   | Noticed Urug
 19731 | Lair:4   | Killed Urug
 19911 | Lair:4   | Noticed Rupert
 19922 | Lair:4   | Killed Rupert
 19923 | Lair:4   | Reached skill level 1 in Maces & Flails
 20109 | Lair:4   | Found a staircase to the Slime Pits.
 20110 | Lair:4   | Found a viscous altar of Jiyva.
 20630 | Lair:5   | Entered Level 5 of the Lair of Beasts
 20692 | Lair:5   | Found a gate leading to a gauntlet.
 20701 | Gauntlet | Entered a Gauntlet
 20701 | Gauntlet | Found a transporter.
 20718 | Gauntlet | Found a transporter.
 20718 | Gauntlet | Found a transporter.
 20718 | Gauntlet | Found the amulet of the Air {Inacc Air Fly rElec RMsl}
 20720 | Gauntlet | Found a transporter.
 20734 | Gauntlet | Found a transporter.
 20752 | Gauntlet | Found a transporter.
 20760 | Gauntlet | Found a transporter.
 20789 | Gauntlet | Found a transporter.
 20798 | Gauntlet | Found a transporter.
 20810 | Gauntlet | Found a transporter.
 20822 | Gauntlet | Found a transporter.
 20834 | Gauntlet | Found a transporter.
 20846 | Gauntlet | Found a transporter.
 20864 | Gauntlet | Found a transporter.
 20882 | Gauntlet | Found a transporter.
 20884 | Gauntlet | Found a transporter.
 21133 | Gauntlet | Found a transporter.
 21135 | Gauntlet | Found a transporter.
 21429 | Gauntlet | Reached skill level 10 in Dodging
 21593 | Gauntlet | Identified the +7 falchion of Leogonawk {flame, Fly rPois
                  | Dex+3 Stlth+}
 21911 | Gauntlet | Identified the ring "Myowk" {rPois MP+9 Str+4 Stlth-}
 21911 | Gauntlet | Identified the +3 plate armour "Woomarr" {MP+9 Str+3}
 22685 | Lair:5   | Found a large runed translucent door.
 22686 | Lair:5   | Found a large runed translucent door.
 24209 | D:8      | Got Sif Muna's Folio of the Torch
 24303 | Orc:1    | Entered Level 1 of the Orcish Mines
 24343 | Orc:1    | Noticed Maurice
 24346 | Orc:1    | Paralysed by Maurice for 2 turns
 24356 | Orc:1    | Killed Maurice
 24786 | Orc:2    | Entered Level 2 of the Orcish Mines
 24819 | Orc:2    | Reached ****** piety under Hepliaklqana
 24826 | Orc:2    | Reached XP level 16. HP: 142/146 MP: 15/15
 24835 | Orc:2    | Found a flickering gateway to a bazaar.
 24845 | Bazaar   | Entered a bazaar
 24854 | Bazaar   | Found Zates's Magic Scroll Shop.
 24854 | Bazaar   | Found Ovooq's Jewellery Boutique.
 24891 | Bazaar   | Bought the ring of Campufi {Fly rF+ Str+6} for 573 gold
                  | pieces
 24923 | Orc:2    | Noticed Donald
 24924 | Orc:2    | Found a frozen archway.
 24936 | Orc:2    | HP: 7/146 [Donald/+2 demon trident of electrocution (26)]
 25250 | Orc:2    | Killed Donald
 25276 | IceCv    | Entered an ice cave
 25717 | IceCv    | Found an ancient bone altar of Kikubaaqudgha.
 26825 | Orc:2    | Found a staircase to the Elven Halls.
 27841 | Orc:2    | Found Cilatoih's Antique Armour Shoppe.
 27841 | Orc:2    | Found Veucs's Assorted Antiques.
 27842 | Orc:2    | Found Fyasivim's General Store.
 27842 | Orc:2    | Found Icyividgh's Armour Emporium.
 27856 | Orc:2    | Bought an ancient sling for 169 gold pieces
 27856 | Orc:2    | Identified the +9 sling of Disarray {freeze, Str+3} (You
                  | bought it in a shop on level 2 of the Orcish Mines)
 27860 | Orc:2    | Bought a pair of transparent boots for 247 gold pieces
 27860 | Orc:2    | Identified the +0 pair of boots of the Pink Corner {Harm
                  | rN+ Int-3 Stlth+} (You bought it in a shop on level 2 of
                  | the Orcish Mines)
 28658 | D:13     | Identified the +0 trident of Zyppirao {drain, ^Contam rC++
                  | Will+ Str+3}
 28786 | D:13     | Found a gate to the Vaults.
 28794 | D:13     | Reached skill level 10 in Ranged Weapons
 29775 | D:14     | Noticed Lodul
 29780 | D:14     | Killed Lodul
 29834 | D:14     | Found Gaps's Armour Shoppe.
 30121 | D:15     | Entered Level 15 of the Dungeon
 30152 | D:15     | Noticed Josephine
 30159 | D:15     | Killed Josephine
 30160 | D:15     | Reached skill level 15 in Armour
 30319 | D:15     | Found a staircase to the Depths.
 30585 | D:15     | Reached XP level 17. HP: 152/152 MP: 16/16
 31020 | Swamp:1  | Entered Level 1 of the Swamp
 31133 | Swamp:1  | Reached skill level 1 in Stealth
 31153 | Swamp:1  | Reached skill level 1 in Evocations
 32972 | Swamp:2  | Identified a scroll of acquirement
 33089 | Swamp:2  | Reached skill level 5 in Evocations
 33536 | Swamp:3  | Reached skill level 5 in Stealth
 33789 | Swamp:3  | Identified the ring of Bonua {rF+ Will+ Str+3}
 34529 | Swamp:4  | Entered Level 4 of the Swamp
 35187 | Swamp:4  | Noticed the 27-headed Lernaean hydra
 36405 | Swamp:4  | Got a decaying rune of Zot
 36603 | Swamp:4  | Killed the 15-headed Lernaean hydra
 37114 | Spider:1 | Entered Level 1 of the Spider Nest
 37268 | Spider:1 | Reached XP level 18. HP: 160/160 MP: 17/17
 37698 | Spider:1 | Acquired the amulet of Ypiocao {Reflect Regen+ Dex+4 SH+5}
 38929 | Elf:1    | Entered Level 1 of the Elven Halls
 39154 | Elf:1    | Reached skill level 15 in Fighting
 39540 | Elf:1    | Got Qagalole's Handbook of Unhallowed Words
 40145 | Elf:1    | Got the Guidebook on the Swarm
 40264 | Elf:1    | Noticed Louise
 40290 | Elf:1    | Killed Louise
 40356 | Abyss:3  | Found a corrupted altar of Lugonu.
 40356 | Abyss:3  | Cast into level 3 of the Abyss (a deep elf sorcerer)
 40609 | Elf:1    | Escaped the Abyss
 41044 | Elf:2    | Found a runed translucent gate.
 41044 | Elf:2    | Found a runed translucent gate.
 41044 | Elf:2    | Found a runed translucent gate.
 42419 | Spider:2 | Reached XP level 19. HP: 179/179 MP: 18/18
 42439 | Spider:2 | You are sucked into a shaft and drop 1 floor!
 43033 | Spider:2 | Reached skill level 10 in Evocations
 44593 | Spider:4 | Entered Level 4 of the Spider Nest
 44899 | Spider:4 | Got the Lectures on the Morgue
 46366 | Spider:4 | Identified the +2 hat of Generosity {Dex+3}
 46383 | Spider:4 | Got a gossamer rune of Zot
 47071 | D:5      | Bought a tin of tremorstones (2/2) for 960 gold pieces
 47245 | Vaults:1 | Entered Level 1 of the Vaults
 47415 | Vaults:1 | Identified the +5 plate armour of Wasted Space {Stlth+}
 47853 | Vaults:1 | Found a flickering gateway to a bazaar.
 47858 | Vaults:1 | Found Tacor's General Store.
 47863 | Bazaar   | Entered a bazaar
 47871 | Bazaar   | Found Neacs's Book Shop.
 47882 | Bazaar   | Found Detsoeni's Assorted Antiques.
 47890 | Bazaar   | Found Koaw's Distillery.
 47897 | Bazaar   | Found Cuih's Antique Weapon Emporium.
 47905 | Bazaar   | Bought an encrusted orcbow for 161 gold pieces
 47905 | Bazaar   | Identified the +4 orcbow "Newtslayer" {freeze, rElec rC-
                  | Int+3 Dex+4} (You bought it in a shop in a bazaar)
 47950 | Bazaar   | Bought a potion of might for 56 gold pieces
 47950 | Bazaar   | Bought a potion of cancellation for 112 gold pieces
 47986 | Vaults:1 | Bought the +8 frozen axe "Frostbite" {freeze, freezing
                  | cloud, *Noise Fly rC+} for 847 gold pieces
 47986 | Vaults:1 | Found the +8 frozen axe "Frostbite" {freeze, freezing
                  | cloud, *Noise Fly rC+}
 48182 | Vaults:1 | Found Teosowi's Distillery.
 48198 | Vaults:1 | Bought a potion of heal wounds for 90 gold pieces
 48198 | Vaults:1 | Bought a potion of heal wounds for 90 gold pieces
 48442 | Vaults:1 | Reached XP level 20. HP: 148/198 MP: 19/19
 48839 | Vaults:2 | Identified the +1 orcbow "Atum Rax" {elec, rPois SInv}
 49115 | Vaults:2 | Found the +5 glaive of the Guard {elec, spectral}
 49947 | Vaults:2 | Found a staircase to the Crypt.
 53319 | Vaults:4 | Noticed Jory
 53328 | Vaults:4 | Killed Jory
 53419 | Vaults:4 | Identified the +7 arbalest of Hacking and Slashing {drain,
                  | rF+ rC+}
 53782 | Vaults:4 | Reached XP level 21. HP: 204/205 MP: 20/20
 53799 | Vaults:4 | Found Ijihouw's Distillery.
 53964 | Vaults:4 | Found a transporter.
 54037 | Vaults:4 | Found a transporter.
 54069 | Vaults:4 | Bought a potion of heal wounds for 90 gold pieces
 54378 | Vaults:4 | Reached skill level 15 in Dodging
 54458 | Vaults:4 | Identified the ring of Entrepreneurial Spirit {rC+ SInv}
 54471 | Vaults:4 | Identified the amulet of Ocausof {rPois rC+ Regen+ Str+2}
 54643 | Vaults:4 | Found Xirghoze's Jewellery Boutique.
 54961 | Vaults:4 | Reached skill level 15 in Ranged Weapons
 55566 | Vaults:4 | Found a gateway to a bazaar.
 55571 | Bazaar   | Entered a bazaar
 55571 | Bazaar   | Found Copsu Noeg's Jewellery Shop.
 55580 | Bazaar   | Found Niff's Jewellery Boutique.
 55588 | Bazaar   | Found Imuhemy's Antique Weapon Boutique.
 55614 | Bazaar   | Found Pavint's Weapon Shop.
 55619 | Bazaar   | Found Metoanum's Assorted Antiques.
 55659 | Bazaar   | Bought a ring of the Octopus King {rF+ HP+2 AC+2 EV+2 SH+2}
                  | for 982 gold pieces
 55659 | Bazaar   | Found the ring of the Octopus King {rF+ HP+2 AC+2 EV+2
                  | SH+2}
 56057 | Depths:1 | Entered Level 1 of the Depths
 56414 | Depths:1 | Found a shadowy altar of Dithmenos.
 56581 | Depths:1 | Found a blossoming altar of Fedhas.
 56715 | Depths:1 | Found a one-way gate to the infinite horrors of the Abyss.
 57347 | Depths:1 | Found a gateway to Hell.
 57424 | Depths:2 | Identified the amulet of Peace {RegenMP Will+}
 57510 | Depths:2 | Found a one-way gate leading to the halls of Pandemonium.
 57773 | Depths:2 | Identified the +7 great sword of Domination {flame, Fly
                  | Will- rCorr}
 57824 | Depths:2 | Noticed a golden dragon
 57836 | Depths:2 | Killed a golden dragon
 57849 | Depths:2 | Reached XP level 22. HP: 145/213 MP: 21/21
 59174 | Depths:3 | Noticed Mennas
 59301 | Depths:3 | Killed Mennas
 60009 | Depths:3 | Found a burning altar of Makhleb.
 60483 | Depths:4 | Entered Level 4 of the Depths
 60851 | Depths:4 | Noticed a golden dragon
 60857 | Depths:4 | Killed a golden dragon
 60936 | Depths:4 | Noticed a golden dragon
 60939 | Depths:4 | Found a gate to the Realm of Zot.
 60949 | Depths:4 | Killed a golden dragon
 61559 | Depths:4 | Found a one-way gateway to a ziggurat.
 61908 | Depths:4 | Reached XP level 23. HP: 221/221 MP: 22/22
 61919 | Depths:4 | Identified the +5 short sword "Lyval" {speed, rElec rF++
                  | rN+ Dex-4}
 62255 | Elf:3    | Entered Level 3 of the Elven Halls
 62383 | Elf:3    | Found Jyem's Antique Weapon Shop.
 62383 | Elf:3    | Found Xeon Haa's Antique Armour Boutique.
 62669 | Elf:3    | Found Ruusir's Book Boutique.
 63263 | Elf:3    | Identified the ring "Osusufo" {rPois rN+ Str+6}
 63830 | Elf:3    | Identified the +1 pair of gloves of Fuebb {Int+4}
 63859 | Elf:3    | Identified the staff "Goyg" {rF+ rC++ rN+ Str-3 Necro Fire}
 63880 | Elf:3    | Identified the staff "Uschisej" {*Slow rElec rN+ Int+4
                  | Necro}
 63882 | Elf:3    | Identified the +8 shortbow of the Gloaming {freeze, rC++}
 64017 | Elf:3    | Gained mutation: You are weak. (Str -2) [a cacodemon]
 64241 | Elf:3    | Noticed Roxanne
 64255 | Elf:3    | Killed Roxanne
 64267 | Elf:3    | Found Kiulois's Magic Scroll Boutique.
 65041 | Vaults:5 | Entered Level 5 of the Vaults
 66070 | Slime:1  | Entered Level 1 of the Pits of Slime
 68251 | Slime:2  | Gained mutation: You are very weak. (Str -4) [a shining
                  | eye]
 68260 | Slime:2  | Gained mutation: Your spells are a little easier to cast,
                  | but a little less powerful. [a shining eye]
 70648 | Slime:3  | Gained mutation: Your body sometimes deteriorates upon
                  | taking damage. [a shining eye]
 70748 | Slime:3  | Reached skill level 15 in Evocations
 71808 | Slime:4  | Reached XP level 24. HP: 228/228 MP: 22/22
 72097 | Slime:4  | Found a viscous altar of Jiyva.
 73146 | Orc:2    | Bought a scroll of blinking for 195 gold pieces
 75369 | Vaults:5 | Identified the +1 chain mail of the Villain {Str+3}
 75385 | Vaults:5 | Got Gonush's Vademecum on Accomplices
 75398 | Vaults:5 | Identified the +4 war axe "Uveoruce" {drain, rPois Will+
                  | Dex+2}
 75579 | Vaults:5 | Got a silver rune of Zot
 75627 | Vaults:5 | Got the Omnibus of the Called Geodesic
 75889 | Vaults:5 | Found Raes's Assorted Antiques.
 76049 | Vaults:5 | Identified the +1 spear "Wuorocud" {pain, rF+}
 77194 | Zot:1    | Entered Level 1 of the Realm of Zot
 77257 | Zot:1    | Lost mutation: You are very weak. (Str -4) [potion of
                  | mutation]
 77257 | Zot:1    | Lost mutation: You are robust. (+10% HP) [potion of
                  | mutation]
 77285 | Zot:1    | Noticed an orb of fire
 77285 | Zot:1    | Noticed an orb of fire
 77298 | Zot:1    | Killed an orb of fire
 77300 | Zot:1    | Killed an orb of fire
 80599 | Zot:2    | Reached XP level 25. HP: 211/211 MP: 22/22
 82425 | Zot:3    | Noticed an orb of fire
 82434 | Zot:3    | Killed an orb of fire
 83331 | Zot:3    | Noticed a Killer Klown
 83382 | Zot:3    | Lost intelligence.
 83385 | Zot:3    | Killed a Killer Klown
 85309 | Zot:3    | HP: 10/214 [golden dragon (8)]
 85309 | Zot:3    | Slain by a green draconian monk

Illustrated notes

Levels and vault maps discovered:
D:1:      giann_bridges, layout_basic
D:2:      layout_loops_corners, basic_altar
D:3:      gammafunk_wand_slinger, layout_rooms, uniq_jessica
D:4:      layout_gridville, uniq_edmund
D:5:      layout_rooms, minmay_temple_entry_hall, serial_shops, shop,
          serial_bayou_pond_c
D:6:      layout_loops_corners, nicolae_overflow_crystal_walls,
          lemuel_round_altar, uniq_sigmund, uniq_eustachio, uniq_blork_the_orc,
          uniq_jeremiah
D:7:      layout_basic, mainiacjoe_overflow_brackets,
          nzn_hepliaklqana_mist_gate, enter_bailey_3, ebering_ghost_gozag
D:8:      layout_cave_pools, led_sif_book, grunt_gozag_breadcrumbs,
          serial_gnoll_camp, gnoll_camp_mini_doghouse, gnoll_camp_mini_hut,
          gnoll_camp_mini_house, gnoll_camp_medium_02, nicolae_shop_fire_sale
          [nicolae_sub_dead_trees], corexii_hall_statues_deadend,
          uniq_gastronok, uniq_joseph
D:9:      hangedman_cross_stitches, layout_loops_ring, laboratory, uniq_grum
D:10:     layout_irregular_city, kennysheep_ying_yang,
          amethyst_overflow_temple_binary, david_lair_shrubbed, orc_0_dummy,
          uniq_fannar, uniq_erica, uniq_harold, uniq_maggie
D:11:     layout_cave_pools
D:12:     layout_cross, serial_shops, shop, nicolae_shop_advertising_works
          [nicolae_subvault_shop_adworks], reono_crystal_passage,
          minmay_crystal_water, minivault_21
D:13:     layout_loops_ring, erik_vaults_2
D:14:     layout_basic, serial_shops, nicolae_shop_mannequins, special_room
          [special_room_orc], hangedman_incinerator, uniq_lodul
D:15:     hellmonk_depths_entry_around_the_bend, layout_basic,
          minmay_misc_feat_iff, uniq_josephine
Temple:   nicolae_temple_x_marks_the_god
Lair:1:   layout_long_grid
Lair:2:   layout_regular_city, minmay_swamp_entry_swarm, spider_nest_entry_a,
          grunt_megastairs_3, serial_bayou_shore_b, serial_bayou_shore_b,
          lemuel_fruit_fields, lemuel_fruit_fields
Lair:3:   layout_regular_city, st_stairs_9
Lair:4:   layout_regular_city, minmay_slime_entry_oklob_open,
          kennysheep_catoblepas_arena, uniq_urug, uniq_rupert
Lair:5:   cheibrodos_lair_end_hotspot, layout_gridlike, gauntlet_entry_generic,
          cheibrodos_lair_lostbears
Swamp:1:  layout_basic_swamp, hangedman_swamp_pad
Swamp:2:  layout_basic_swamp, serial_swamp_ruin, evilmike_swamp_ruin_house_5,
          evilmike_swamp_ruin_house_2
Swamp:3:  layout_falls_marsh, evilmike_swamp_ruin_rubble_2, swamp_pool_1_2,
          nicolae_swamp_little_swirl, worms_lemuel
Swamp:4:  swamp_old_school, layout_basic_swamp, swamp_pool_3,
          nicolae_swamp_little_tower, nicolae_swamp_frolicking_bunyips,
          infiniplex_staircase_pool
Spider:1: layout_chambers
Spider:2: layout_spider_delve, nicolae_spider_swamp_cousins
Spider:3: layout_spider_delve, drop_trap, spiders_nest_ghost_moth_duel
Spider:4: grunt_spider_rune_circles
Slime:1:  layout_caves, cheibrodos_slime_lost_civilization_4
Slime:2:  layout_caves
Slime:3:  layout_caves
Slime:4:  cheibrodos_slime_lost_civilization_9, layout_caves, basic_altar,
          nicolae_slime_getting_an_eyeful
Orc:1:    nicolae_orc_accident_2, layout_caves, uniq_maurice
Orc:2:    st_orc_pillars, layout_diamond_mine, special_room, serial_shops,
          bzr_entry_water, portal_ice_cave_demonic_guard, uniq_donald
Elf:1:    elf_arrival_001, layout_loops_ring, minmay_elf_necromancy,
          minmay_elf_demonology, uniq_louise
Elf:2:    elven_hall_of_blades_hangedman_original [nicolae_blade_bullseye],
          layout_geoelf_octagon
Elf:3:    minmay_elf_hall_curves, layout_gridlike, serial_shops, shop,
          nicolae_shop_trees, columned_hall_lemuel, minivault_23,
          minmay_shoptagon, uniq_roxanne
Vaults:1: nicolae_vaults_disjoint_gnomons, v_misc_30, hangedman_vaults_unwind,
          v_misc_23, hangedman_vaults_stagger, hangedman_vaults_nodes,
          grunt_vaults_hallway_long, nicolae_vaults_stepped_doors,
          vaults_dpeg_cross, nicolae_vaults_ring_of_whatevers,
          layout_vaults_maze_snakey, serial_shops, bzr_in_the_mist,
          nicolae_shop_waterfront, shop
Vaults:2: nicolae_vaults_trapezoid_3, nicolae_vaults_trapezoid_3,
          vaults_room_semicircle, v_misc_27, hangedman_vaults_cutoff,
          minmay_guarded_unrand_guard, minmay_crypt_entry_simple_round,
          hangedman_vaults_hat, nicolae_vaults_hallways_thing, v_misc_23,
          nicolae_vaults_asterisk, v_pattern_5, nicolae_vaults_tetromino_T_2,
          layout_vaults_big_cross
Vaults:3: nicolae_vaults_offset_grid_hallway_3, hangedman_vaults_pinch,
          v_misc_13, nicolae_vaults_trapezoid_3,
          nicolae_vaults_closet_pinwheel_1, hangedman_vaults_nails,
          v_alt_pattern_1, nicolae_vaults_alarming, nicolae_vaults_little_ls,
          st_more_cells, layout_vaults_quadrants
Vaults:4: ontoclasm_vaults_ring_square, nicolae_vaults_closet_pinwheel_5,
          nicolae_vaults_network_square, gammafunk_dig_for_victory,
          nicolae_vaults_storage_room_water, vaults_room_door_hall, v_misc_27,
          hangedman_vaults_restitches, vaults_room_pool,
          nicolae_vaults_yaktaur_gun_rack, layout_vaults_chaotic_city,
          serial_shops, bzr_entry_road, shop_statue,
          nicolae_shop_window_shopping, uniq_jory
Vaults:5
Depths:1: dreamdust_merry_men, layout_basic, hangedman_abyss_entry_splay,
          fedhas_altar_4, serial_glass, glass_columns_b, glass_columns_c,
          glass_columns_c, glass_columns_b, glass_columns_a, glass_columns_a,
          glass_columns_a, glass_columns_c, glass_columns_a, glass_columns_a,
          hell_entry, skrybe_limestone_x, grunt_ministairs_10,
          nicolae_dithmenos_the_darkroom
Depths:2: minmay_imperfect_grid, layout_basic, hell_entry,
          rand_demon_pan_entry_7, hangedman_decor_lopped, serial_bayou_shore_b,
          serial_bayou_shore_b, serial_bayou_shore_b,
          infiniplex_staircase_split_hallway
Depths:3: evilmike_makhleb_hellhole, layout_cave_pools,
          minmay_misc_feat_more_columns, abyss_entry_glasseish, hell_entry,
          hex_medium, firewood_loft, uniq_mennas
Depths:4: grunt_crosshair, layout_gridlike, enter_ziggurat_e, minivault_14,
          hell_entry, st_stairs_9
Zot:1:    lemuel_acid_trip, layout_onion_interference,
          hangedman_zot_wheel_spokes, lemuel_lake_of_fire
Zot:2:    layout_gridlike, regret_index_zotdec_banners
Zot:3:    layout_basic
Zot:4:    layout_onion, grunt_megastairs_5

Skill      XL: |  1  2  3  4  5  6  7  8  9 10 11 12 13 14 15 16 17 18 19 20 21 22 23 24 25 |
---------------+----------------------------------------------------------------------------+-----
Axes           | 4 5 6 7 8 9 11 12 15 17 20 23 | 23.0
Fighting       | 4 5 6 7 12 14 18 21 | 21.5
Armour         | 3 5 6 7 8 10 15 16 17 20 | 20.0
Shields        | 1 4 |  4.4
Polearms       | 2 4 |  4.0
Ranged Weapons | 1 7 10 11 13 17 19 21 | 21.0
Dodging        | 6 13 14 17 19 | 19.0
Maces & Flails | 1 |  1.0
Stealth        | 8 |  8.2
Evocations     | 7 9 10 11 15 19 22 | 22.2
Staves         | |  0.6
Throwing       | |  2.0
Hexes          | |  0.2
Translocations | |  0.1

Action                     |  1- 3 |  4- 6 |  7- 9 | 10-12 | 13-15 | 16-18 | 19-21 | 22-24 | 25-27 || total
---------------------------+-------+-------+-------+-------+-------+-------+-------+-------+-------++-------
  Melee: War axe           |    71 |    88 |   238 |   514 |   115 |       |       |       |       ||  1026
         Headbutt          |     6 |    15 |    68 |   116 |   148 |   270 |   238 |   174 |    82 ||  1117
         Punch             |     1 |       |     4 |       |       |       |       |       |       ||     5
         Trident           |       |       |       |    14 |       |       |       |       |       ||    14
         Battleaxe         |       |       |       |       |   432 |  1016 |   297 |       |     3 ||  1748
         Hand axe          |       |       |       |       |    13 |   178 |       |       |       ||   191
         Dire flail        |       |       |       |       |     7 |       |       |       |       ||     7
         Unarmed           |       |       |       |       |       |     1 |       |       |       ||     1
         Executioner's axe |       |       |       |       |       |       |   565 |   652 |   227 ||  1444
   Fire: Sling             |       |       |       |     5 |    50 |       |       |       |       ||    55
         Longbow           |       |       |       |       |    46 |   103 |    39 |       |       ||   188
         Arbalest          |       |       |       |       |       |       |       |   433 |    37 ||   470
  Throw: Throwing net      |       |     2 |     3 |     7 |       |     1 |       |       |       ||    13
         Boomerang         |       |    42 |       |     2 |       |       |       |       |       ||    44
 Invoke: Ancestor Life: He |       |       |       |     1 |       |       |       |       |       ||     1
         Recall Ancestor   |       |       |       |       |       |     3 |     1 |     1 |     3 ||     8
         Transference      |       |       |       |       |       |     1 |     5 |     1 |       ||     7
  Evoke: Wand              |       |       |       |       |     1 |       |     4 |       |       ||     5
         Sack of spiders   |       |       |       |       |       |     1 |       |       |     1 ||     2
         Tin of tremorston |       |       |       |       |       |       |     3 |     5 |     2 ||    10
         Phial of floods   |       |       |       |       |       |       |     1 |     1 |       ||     2
    Use: Scroll            |       |     1 |     6 |     4 |    11 |    17 |     2 |     6 |     2 ||    49
         Potion            |       |       |       |    14 |     1 |     1 |       |     5 |     3 ||    24
   Stab: Held in net/web   |       |       |     2 |     6 |       |       |       |       |       ||     8
         Distracted        |       |       |       |     4 |    10 |    23 |    12 |    10 |     4 ||    63
         Confused          |       |       |       |     4 |    12 |    18 |    66 |    53 |     9 ||   162
         Petrified         |       |       |       |       |     1 |     8 |       |       |       ||     9
         Paralysed         |       |       |       |       |    22 |    69 |    59 |    30 |    10 ||   190
         Petrifying        |       |       |       |       |       |     1 |       |       |       ||     1
         Sleeping          |       |       |       |       |       |     1 |     9 |     1 |     1 ||    12
 Armour: Leather armour    |     6 |       |       |       |       |       |       |       |       ||     6
         Chain mail        |    42 |    53 |    85 |   229 |   265 |       |       |       |       ||   674
         Plate armour      |       |       |    17 |       |    76 |   835 |   453 |   604 |   235 ||  2220
         Ice dragon scales |       |       |       |       |       |    53 |       |       |       ||    53
  Dodge: Dodged            |    41 |    46 |   118 |   273 |   498 |   801 |   482 |   493 |   179 ||  2931
  Block: Kite shield       |       |       |    31 |   307 |    94 |    90 |       |       |       ||   522
         Other             |       |       |       |       |       |    36 |   131 |   127 |    38 ||   332
         Reflection        |       |       |       |       |       |     5 |    19 |    10 |       ||    34
